 Dungeon Crawl Stone Soup version 0.32-a0-18-g89e19f1974 (webtiles) character file.

Game seed: 5168791366678230514

240 zenocrate the Sneak (level 6, -3/33 HPs)
             Began as a Vine Stalker Brigand on Jan 16, 2024.
             Succumbed to a scorpion's poison
             ... on level 4 of the Dungeon.
             The game lasted 00:03:38 (2201 turns).

zenocrate the Sneak (Vine Stalker Brigand)          Turns: 2201, Time: 00:03:39

Health: -3/33      AC:  6    Str: 14    XL:     6   Next: 8%
Magic:  6/7        EV: 11    Int: 11    God:
Gold:   193        SH:  0    Dex: 17    Spells: 3/5 levels left

rFire   . . .        a - +2 dagger
rCold   . . .        (no shield)
rNeg    . . .        b - +0 robe
rPois   .            (helmet restricted)
rElec   +            c - +0 cloak
rCorr   .            (no gloves)
SInv    .            r - +0 pair of boots
Will    .....        (no amulet)
Stlth   +            (no ring)
HPRegen 1.05/turn    (no ring)
MPRegen 0.10/turn

%: clarity, guardian spirit
@: confused, lethally poisoned (-3 -> -20), ambrosia-drunk
A: fangs 2, regeneration 1, magic shield, antimagic bite, no potion heal 2,
horns 1, iridescent scales 1, clarity, electricity resistance
a: no special abilities


You were on level 4 of the Dungeon.
You visited 1 branch of the dungeon, and saw 4 of its levels.

You collected 193 gold pieces.

Inventory:

Hand Weapons
 a - a +2 dagger (weapon)
Missiles
 d - 11 poisoned darts (quivered)
 e - 3 curare-tipped darts
Armour
 b - a +0 robe (worn)
 c - a +0 cloak (worn)
 q - a +0 kite shield
 r - a +0 pair of boots (worn)
Scrolls
 i - a scroll of enchant armour {unknown}
 k - a scroll of fear {unknown}
 n - a scroll of teleportation {unknown}
 o - 2 scrolls of amnesia
Potions
 f - a potion of mutation
 g - a potion of berserk rage
 j - 2 potions of haste
 l - a potion of resistance
 p - a potion of attraction


   Skills:
 * Level 4.0 Fighting
 + Level 3.2 Short Blades
 - Level 1.7 Throwing
 - Level 0.7 Dodging
 + Level 6.2 Stealth


You had 3 spell levels left.
You knew the following spells:

 Your Spells              Type           Power      Damage    Failure   Level
x - Blink                 Tloc           0%         N/A       47%         2

Your spell library contained the following spells:

 Spells                   Type           Power      Damage    Failure   Level
 Magic Dart               Conj           0%         1d3       34%         1
 Summon Small Mammal      Summ           0%         N/A       34%         1
 Call Imp                 Summ           0%         N/A       47%         2
 Call Canine Familiar     Summ           0%         N/A       71%         3
 Dazzling Flash           Conj/Hex       0%         N/A       71%         3
 Mephitic Cloud           Conj/Alch/Air  0%         N/A       71%         3
 Summon Blazeheart Golem  Fire/Summ      0%         N/A       98%         4
 Curse of Agony           Necr           0%         N/A       100%        5
 Silence                  Hex/Air        0%         N/A       100%        5


Dungeon Overview and Level Annotations

Branches:
Dungeon (4/15)
 Temple: D:4-7

Altars:


Innate Abilities, Weirdness & Mutations

You have extremely sharp teeth.
Your natural rate of healing is unusually fast.
When hurt, damage is shared between your health and your magic reserves.
Your bite disrupts and absorbs the magic of your enemies.
Potions cannot restore your health.
You have a pair of small horns on your head.
You are partially covered in iridescent scales. (AC +2)
You possess an exceptional clarity of mind.
You are resistant to electric shocks. (rElec)


Message History

Unknown command.
You hit the scorpion but do no damage. Your headbutt misses the scorpion.
The scorpion is heavily wounded.
You feel sick. The scorpion stings you.
You are more poisoned.
The scorpion poisons you! The scorpion stings you.
You are lethally poisoned!
The scorpion poisons you!
You hit the scorpion. You bite the scorpion. You drain its power.
You feel invigorated.
The scorpion is severely wounded.
You feel very sick.
The scorpion stings you but does no damage.
Unknown command.
You are confused.
Your system rejects the healing.
You feel invigorated.
* * * LOW HITPOINT WARNING * * *
You feel very sick. The scorpion stings you.
* * * LOW HITPOINT WARNING * * *
Unknown command.
Unknown command.
Unknown command.
* * * LOW HITPOINT WARNING * * *
You feel very sick.
The scorpion stings you but does no damage.
Unknown command.
Unknown command.
You closely miss the scorpion.
The scorpion is severely wounded.
* * * LOW HITPOINT WARNING * * *
You feel very sick. The scorpion stings you.
* * * LOW HITPOINT WARNING * * *
You are more poisoned.
The scorpion poisons you!
Unknown command.
You barely miss the scorpion. Your bite misses the scorpion.
The scorpion is severely wounded.
You die...

##...##...##
#..........#
#.......<..#
##..........+
#.....###..##
####..###..##########.
#.<).#..............
#....'......s.......
#.)..#.....@........
##...#..............
#...#..............
#....#..............
##+####^...####.##..
#...$# .# . #..... .
#...... .. #.......


You could see a scorpion.

Vanquished Creatures
  2 orc priests
  An orc wizard (D:3)
  3 gnolls (D:3)
  3 adders (D:2)
  A white imp (D:3)
  3 ribbon worms (D:2)
  5 orcs
  7 endoplasms
  3 giant cockroaches
  12 goblins
  6 hobgoblins
  6 jackals (D:3)
  5 kobolds
  3 quokkas
  6 ball pythons
  6 bats
  4 frilled lizards
  2 rats
78 creatures vanquished.

Notes
Turn   | Place    | Note
-------+----------+-------------------------------------------
     0 | D:1      | zenocrate the Vine Stalker Brigand began the quest for the
                  | Orb.
     0 | D:1      | Reached XP level 1. HP: 11/11 MP: 2/2
    91 | D:1      | Reached skill level 5 in Stealth
   126 | D:1      | Reached XP level 2. HP: 10/15 MP: 0/3
   288 | D:1      | Found a faded altar of an unknown god.
   538 | D:2      | Reached XP level 3. HP: 12/18 MP: 1/4
   795 | D:2      | Reached XP level 4. HP: 23/23 MP: 5/5
  1243 | D:2      | Gained mutation: You are resistant to electric shocks.
                  | (rElec) [potion of mutation]
  1243 | D:2      | Gained mutation: You are partially covered in iridescent
                  | scales. (AC +2) [potion of mutation]
  1243 | D:2      | Gained mutation: You have a pair of small horns on your
                  | head. [potion of mutation]
  1243 | D:2      | Gained mutation: You possess an exceptional clarity of
                  | mind. [potion of mutation]
  1286 | D:3      | Reached XP level 5. HP: 28/28 MP: 6/6
  1289 | D:3      | Learned a level 2 spell: Blink
  1621 | D:3      | Reached skill level 6 in Stealth
  2180 | D:4      | Reached XP level 6. HP: 33/33 MP: 7/7
  2200 | D:4      | HP: 1/33 [scorpion (1)]
  2201 | D:4      | Succumbed to a scorpion's poison

Illustrated notes

Levels and vault maps discovered:
D:1:      roderic_crop_circles_arrival_small, layout_rooms,
          ebering_ecumenical_altar_rust
D:2:      kennysheep_the_goblin_king, layout_loops_ring
D:3:      layout_basic, nicolae_houndstooth_variations
D:4:      layout_gridville, nicolae_ossuary_entry_catacombs

Skill      XL: |  1  2  3  4  5 |
---------------+----------------+-----
Fighting       | 2 3 4 |  4.0
Short Blades   | 2 3 |  3.2
Stealth        | 5 6 |  6.2
Throwing       | |  1.7
Dodging        | |  0.7

Action                     |  1- 3 |  4- 6 || total
---------------------------+-------+-------++-------
  Melee: Dagger            |    81 |   153 ||   234
         Bite              |    17 |    45 ||    62
         Punch             |     1 |     2 ||     3
         Headbutt          |       |    23 ||    23
    Use: Scroll            |     3 |     4 ||     7
         Potion            |       |     2 ||     2
   Stab: Sleeping          |     8 |    10 ||    18
 Armour: Robe              |    38 |    70 ||   108
  Dodge: Dodged            |    36 |    80 ||   116

Table legend: (Time is in decaauts)
 A = Elapsed time spent in this place.
 B = Non-inter-level travel time spent in this place.
 C = Inter-level travel time spent in this place.
 D = Time resting spent in this place.
 E = Time spent auto-exploring this place.
 F = Levels seen in this place.
 G = Mean time per level.
                   A        B        C        D        E       F      G
               +--------+--------+--------+--------+--------+-----+--------+
         Total |   2172 |   2076 |     96 |      0 |   1493 |   4 |  543.0 |
       Dungeon |   2172 |   2076 |     96 |      0 |   1493 |   4 |  543.0 |
               +--------+--------+--------+--------+--------+-----+--------+

Top non-repeatable levels by time:
     D:3: 884 daAuts
     D:2: 773 daAuts
     D:1: 457 daAuts
     D:4: 57 daAuts
